 Dungeon Sprint DCSS version 0.13-a0-3008-g2a6619c (webtiles) character file.

936 Gabry the Protected (level 7, -11/64 HPs)
             Began as a Minotaur Fighter on Sept 9, 2013.
             Was a Follower of Okawaru.
             Mangled by a soul eater (15 damage)
             ... summoned by a kobold demonologist
             ... in the Dungeon (Sprint I: "Red Sonja").
             The game lasted 00:04:31 (816 turns).

Gabry the Protected (Minotaur Fighter)               Turns: 816, Time: 00:04:34

HP -11/64        AC 10     Str 22      XL: 7   Next: 26%
MP   2/2         EV  8     Int  5      God: Okawaru [*.....]
Gold 293         SH 23     Dex 10      Spells:  0 memorised,  6 levels left

Res.Fire  : . . .   See Invis. : .   a - +0 mace
Res.Cold  : . . .   Warding    : .   b - +1 scale mail
Life Prot.: . . .   Conserve   : .   c - +0 shield
Res.Poison: .       Res.Corr.  : .   (helmet restricted)
Res.Elec. : .       Clarity    : .   (no cloak)
Sust.Abil.: . .     Spirit.Shd : .   (no gloves)
Res.Mut.  : .       Prev.Telep.: +   (no boots)
Res.Rott. : .       Flight     : .   (no amulet)
Saprovore : . . .                    (no ring)
                                     (no ring)

@: mildly poisoned, very slightly contaminated, slightly resistant to hostile
enchantments, extremely unstealthy
A: retaliatory headbutt, horns 2
a: Heroism, Renounce Religion


You were in the Dungeon.
You worshipped Okawaru.
Okawaru was most pleased with you.
You were not hungry.

You visited 1 branch You collected 405 gold pieces.
You spent 132 gold pieces at shops.

Inventory:

Hand weapons
 a - a +0,+0 mace (weapon)
Armour
 b - a +1 scale mail (worn)
 c - a +0 shield (worn)
Scrolls
 j - a scroll of blinking
Potions
 e - 2 potions of curing
 h - 2 potions of magic


   Skills:
 + Level 10.2 Fighting
 + Level 7.5 Maces & Flails
 + Level 11.0 Armour
 + Level 4.7 Dodging
 + Level 0.6 Stealth
 + Level 9.4 Shields


You had 6 spell levels left.
You didn't know any spells.

Dungeon Overview and Level Annotations

Branches:
Dungeon (1/1)

Altars:
Elyvilon
Fedhas
Makhleb
Okawaru
Sif Muna
Vehumet
Xom
Yredelemnul

Shops:
D ?


Innate Abilities, Weirdness & Mutations

You reflexively headbutt those who attack you in melee.
You have a pair of horns on your head.


Message History

Okawaru accepts your kill.
You feel less exhausted.
The kobold demonologist hits you but does no damage.
The orange demon stings you but does no damage.
You block the kobold demonologist's attack.
You block the soul eater's attack.
Your scale mail prevents you from hitting the soul eater.
You block the kobold demonologist's attack.
The orange demon stings you from afar.
You are poisoned.
The soul eater hits you!
* * * LOW HITPOINT WARNING * * *
You hit the soul eater.
The soul eater is lightly wounded.
You block the kobold demonologist's attack.
The orange demon stings you from afar.
* * * LOW HITPOINT WARNING * * *
You are more poisoned.
The soul eater hits you!
You die...

#######################
#..').#..'..#__#@.44..#
j[.#..').#..'..3KK#...#
#####'#####'#__#### ..+
####..#...#)#### ##
#_.####..##)#
#.....##'#..+
#_.∩...'..._#
#.....##_.#'#
#_._._###+#.#


You could see a soul eater, an orange demon, an iron devil and 2 kobold
demonologists.

Vanquished Creatures
  A giant amoeba (D)
  An ogre (D)
  Sigmund (D)
  A jelly (D)
  Ijyb (D)
  A giant eyeball (D)
6 creatures vanquished.

Vanquished Creatures (others)
  A metal gargoyle (D)
1 creature vanquished.

Grand Total: 7 creatures vanquished

Notes
Turn   | Place    | Note
--------------------------------------------------------------
     0 | D        | Gabry, the Minotaur Fighter, began the quest for the Orb.
     0 | D        | Reached XP level 1. HP: 19/19 MP: 0/0
     1 | D        | Noticed Ijyb
    19 | D        | Killed Ijyb
    19 | D        | Reached skill level 4 in Fighting
    19 | D        | Reached skill level 5 in Armour
    19 | D        | Reached XP level 2. HP: 12/27 MP: 0/0
   186 | D        | Noticed an ogre
   193 | D        | HP: 1/27 [ogre/giant club (3)]
   194 | D        | Killed an ogre
   194 | D        | Reached skill level 6 in Fighting
   194 | D        | Reached skill level 7 in Armour
   194 | D        | Reached skill level 1 in Dodging
   194 | D        | Reached XP level 3. HP: 1/34 MP: 1/1
   194 | D        | Reached XP level 4. HP: 1/41 MP: 1/1
   269 | D        | Killed a metal gargoyle
   506 | D        | Noticed Sigmund
   523 | D        | Killed Sigmund
   523 | D        | Reached skill level 5 in Maces & Flails
   523 | D        | Reached skill level 8 in Armour
   523 | D        | Reached XP level 5. HP: 35/48 MP: 1/1
   614 | D        | Found a radiant altar of Vehumet.
   615 | D        | Noticed a jelly
   616 | D        | Found a blossoming altar of Fedhas.
   619 | D        | Killed a jelly
   640 | D        | Found an iron altar of Okawaru.
   640 | D        | Found a deep blue altar of Sif Muna.
   640 | D        | Found Kliweoffui's Magic Scroll Emporium.
   640 | D        | Found a basalt altar of Yredelemnul.
   640 | D        | Found a shimmering altar of Xom.
   640 | D        | Noticed an elephant slug
   681 | D        | Found a basalt altar of Yredelemnul.
   685 | D        | Bought a scroll of enchant armour for 66 gold pieces
   688 | D        | Became a worshipper of Warmaster Okawaru
   692 | D        | Bought a scroll of blinking for 66 gold pieces
   731 | D        | Found a deep blue altar of Sif Muna.
   731 | D        | Found a white marble altar of Elyvilon.
   731 | D        | Found a white marble altar of Elyvilon.
   731 | D        | Found a burning altar of Makhleb.
   731 | D        | Noticed a giant amoeba
   763 | D        | Killed a giant amoeba
   763 | D        | Acquired Okawaru's first power
   763 | D        | Reached skill level 10 in Fighting
   763 | D        | Reached skill level 11 in Armour
   763 | D        | Reached XP level 6. HP: 44/58 MP: 2/2
   763 | D        | Reached XP level 7. HP: 48/64 MP: 2/2
   805 | D        | Noticed a kobold demonologist
   805 | D        | Paralysed by a giant eyeball for 3 turns
   806 | D        | Noticed a kobold demonologist
   808 | D        | Noticed an orange demon
   809 | D        | Noticed an iron devil
   810 | D        | Noticed a soul eater
   816 | D        | Mangled by a soul eater

Action                   |  1- 3 |  4- 6 |  7- 9 || total
-------------------------+-------+-------+-------++-------
Melee: Mace              |    24 |    27 |     8 ||    59
  Use: Potion            |       |     3 |       ||     3
       Scroll            |       |     2 |       ||     2
